 Dungeon Crawl Stone Soup version 0.20.1-1-g8b1a95d (webtiles) character file.

284 namelastname112 the Scratcher (level 6, 0/25 HPs)
             Began as a Felid Chaos Knight on July 19, 2017.
             Slain by a quokka (4 damage)
             ... summoned by Xom
             ... on level 5 of the Dungeon.
             The game lasted 00:06:28 (3524 turns).

namelastname112 the Scratcher (Felid Chaos Knight)  Turns: 3524, Time: 00:06:29

Health: 0/25       AC:  2    Str:  8    XL:     6   Next: 7%
Magic:  7/7        EV: 20    Int: 12    God:    Xom [*.....]
Gold:   304        SH:  0    Dex: 17    Spells: 5/5 levels left
                                        Lives:  0   Deaths: 1

rFire    . . .     SeeInvis +     - Unarmed
rCold    . . .     Gourm    .   (shield unavailable)
rNeg     . . .     Faith    .   (armour unavailable)
rPois    .         Spirit   .   (helmet unavailable)
rElec    .         Reflect  .   (cloak unavailable)
rCorr    .         Harm     .   (gloves unavailable)
MR       .....                  (boots unavailable)
Stlth    +++.......             o - amulet of regeneration
Regen    0.5/turn               (no ring)
MPRegen  0.1/turn               (no ring)

@: lethally poisoned (0 -> -11), quick
A: no armour, no weapons or thrown items, stealth, claws 1, fangs 3, horns 1,
see invisible, carnivore 3, dopey 1, speed 1, frail 1, shaggy fur 2, slow
metabolism 1, sharp paws
a: Renounce Religion


You were on level 5 of the Dungeon.
You worshipped Xom.
You were a special plaything of Xom.
You were very full.

You visited 1 branch of the dungeon, and saw 5 of its levels.

You collected 304 gold pieces.

Inventory:

Jewellery
 o - an amulet of regeneration (around neck)
Wands
 c - a wand of acid (7/15)
Scrolls
 d - 2 scrolls of enchant armour
 h - a scroll of blinking {unknown}
 k - a scroll of random uselessness {unknown}
 m - a scroll of immolation {unknown}
Potions
 b - a potion of curing
 j - 2 potions of cancellation
 p - a potion of magic
Comestibles
 a - 5 meat rations
 g - a royal jelly


   Skills:
 + Level 4.2 Fighting
 + Level 4.8 Dodging
 + Level 4.2 Stealth
 * Level 4.9 Unarmed Combat


You had 5 spell levels left.
You didn't know any spells.

Dungeon Overview and Level Annotations

Branches:
Dungeon (5/15)             Temple (0/1) D:5

Altars:
Xom


Innate Abilities, Weirdness & Mutations

You cannot wear armour.
You are incapable of wielding weapons or throwing items.
Your paws allow you to move quietly. (Stealth)
You have sharp claws.
You have razor-sharp teeth.
You have supernaturally acute eyesight. (SInv)
You are carnivorous and can eat meat at any time.
You cover ground quickly.
You are covered in thick fur. (AC +2)
You have a slow metabolism.
Your sharp claws are effective at attacking unaware monsters.
You have a pair of small horns on your head.
You are dopey. (Int -2)
You are frail. (-10% HP)


Message History

You feel sick. The water moccasin bites you. The quokka completely misses you.
The orc wizard mumbles some strange words.
The orc wizard seems to speed up.
The hound bites you but does no damage.
Evoke which item? (* to show all) (? for menu, Esc to quit)
Aiming: Corrosive Bolt (will waste charges)
Press: ? - help, Shift-Dir - straight line, f - orc wizard
Aim: an orc wizard, wielding a dagger and wearing a robe (fast, summoned)
The bolt of acid misses the water moccasin.
The bolt of acid hits the orc wizard.
The orc wizard is splashed with acid.
The acid corrodes the orc wizard!
You kill the orc wizard!
The orc wizard's corpse disappears in a puff of smoke!
Evoking this partially-identified wand wasted a few charges.
The water moccasin bites you.
* * * LOW HITPOINT WARNING * * *
You are lethally poisoned!
The water moccasin poisons you! The hound barely misses you.
The quokka bites you.
You die...
Xom guffaws!

#.....##......# *,,*********,
......#######.## *,,,,,,,,,,,,
#......#####...### *,,,,,*,,****
##'###...........# *,,,,,,,,*
.....#.#####...#.#####c.,,**,*
.⌠.⌠.#,# #............*,**,*
..>..+,* #...#)#####...,**,*
.⌠.⌠.#** #...#rS§......,,,,****
.....#######...#@#...o...,,,,,,,*
##'####....#...#h#####...,**,,*,*
#.# #....#####.#****,*.,,*,,*,*
#.# #....#***#.#,,,...........<
#.# #....#,,,...,,,....#......#
#.####....#,,,....####..##.....#
#.........#,,,..................
#####...###**###................
#...# #.,**#......>....


You could see a water moccasin, a hound and a quokka.

Vanquished Creatures
  A scorpion (D:4)
  A jelly (D:5)
  3 gnolls (D:3)
  5 adders
  3 oozes
  2 worms
  4 dart slugs
  A leopard gecko (D:2)
  3 orcs (D:4)
  8 bats
  5 giant cockroaches
  10 goblins
  4 hobgoblins
  6 jackals
  5 kobolds
  3 quokkas
  6 frilled lizards
  6 rats
76 creatures vanquished.

Vanquished Creatures (collateral kills)
  The ghost of Overlord the Ruffian, an amateur TrMo (D:4)
1 creature vanquished.

Grand Total: 77 creatures vanquished

Notes
Turn   | Place    | Note
-------+----------+-------------------------------------------
     0 | D:1      | namelastname112 the Felid Chaos Knight began the quest for the Orb.
     0 | D:1      | Reached XP level 1. HP: 10/10 MP: 2/2
     0 | D:1      | Noticed a naga
     0 | D:1      | Noticed a centaur
     3 | D:1      | Noticed a spriggan
     6 | D:1      | Noticed an elf
     7 | D:1      | Noticed a formicid
     9 | D:1      | Noticed an elf
    13 | D:1      | Noticed a centaur
    15 | D:1      | Noticed an ogre
    15 | D:1      | Noticed a formicid
    15 | D:1      | Noticed a dwarf
    17 | D:1      | Noticed a troll
    17 | D:1      | Noticed a spriggan
    17 | D:1      | Noticed a centaur
   211 | D:1      | XOM: silly message
   241 | D:1      | XOM: harmless Necr miscast
   315 | D:1      | XOM: harmless Summ miscast
   338 | D:1      | Reached XP level 2. HP: 14/14 MP: 3/3
   355 | D:1      | Reached skill level 1 in Stealth
   725 | D:1      | Reached XP level 3. HP: 6/17 MP: 4/4
  1145 | D:1      | XOM: silly message
  1363 | D:2      | XOM: potion effect (might)
  1380 | D:2      | Reached XP level 4. HP: 19/21 MP: 5/5
  1386 | D:2      | XOM: divination: detect creatures
  1576 | D:2      | XOM: silly message
  2053 | D:3      | XOM is BORED!
  2053 | D:3      | XOM: harmless Fire miscast
  2108 | D:3      | Noticed a bullfrog
  2137 | D:3      | HP: 1/21 [bullfrog (6)]
  2142 | D:3      | HP: 1/21 [bullfrog (2)]
  2146 | D:3      | XOM: torment (6/21 hp)
  2150 | D:3      | Slain by a bullfrog
  2151 | D:3      | Reached XP level 3. HP: 0/17 MP: 4/4
  2245 | D:3      | XOM: mild Conj miscast
  2327 | D:3      | XOM: 3-stop teleportation journey
  2385 | D:3      | XOM: harmless Erth miscast
  2388 | D:3      | Reached XP level 4. HP: 22/22 MP: 5/5
  2688 | D:4      | XOM: butterfly on damage
  2763 | D:4      | Noticed Overlord's ghost (amateur TrMo)
  2823 | D:4      | XOM: repel stairs
  2832 | D:4      | XOM: enchant monster (bad)
  2842 | D:4      | XOM: summons 2 friendly demons
  2860 | D:4      | XOM: blink monster(s)
  2923 | D:4      | XOM: blink monster(s)
  2936 | D:4      | XOM: blink monster(s)
  2937 | D:4      | XOM: blink monster(s)
  2985 | D:4      | XOM: noise
  2988 | D:4      | Reached XP level 5. HP: 19/25 MP: 6/6
  3002 | D:4      | XOM: silly message
  3026 | D:4      | XOM: cleaving
  3050 | D:4      | XOM: noise
  3054 | D:4      | XOM: mild Conj miscast
  3073 | D:4      | XOM: enchant monster (good)
  3079 | D:4      | XOM: swap monsters
  3101 | D:4      | XOM: scenery: create altars
  3102 | D:4      | XOM: summons friendly ufetubus
  3106 | D:4      | XOM: cast spell 'Alistair's Intoxication'
  3117 | D:4      | XOM: cleaving
  3122 | D:4      | XOM: cast spell 'Metabolic Englaciation'
  3136 | D:4      | Killed Overlord's ghost
  3232 | D:5      | Entered Level 5 of the Dungeon
  3297 | D:5      | Gained mutation: You are covered in thick fur. (AC +2) [Felid growth]
  3297 | D:5      | Reached XP level 6. HP: 15/28 MP: 7/7
  3452 | D:5      | Found a staircase to the Ecumenical Temple.
  3511 | D:5      | Noticed a water moccasin
  3511 | D:5      | a centaur changed into a water moccasin
  3511 | D:5      | XOM: polymorph centaur -> water moccasin
  3517 | D:5      | XOM: summons 4 hostile shadow creatures
  3520 | D:5      | Gained mutation: You are dopey. (Int -2) [potion of mutation]
  3520 | D:5      | Gained mutation: You are frail. (-10% HP) [potion of mutation]
  3520 | D:5      | Gained mutation: You have a pair of small horns on your head. [potion of mutation]
  3524 | D:5      | Slain by a quokka

Skill      XL: |  1  2  3  4  5 |
---------------+----------------+-----
Stealth        | 1 3 4 |  4.2
Unarmed Combat | 4 |  4.9
Dodging        | 4 |  4.8
Fighting       | 4 |  4.2

Action                   |  1- 3 |  4- 6 || total
-------------------------+-------+-------++-------
Melee: Unarmed           |   135 |   118 ||   253
       Bite              |     7 |     5 ||    12
       Punch             |     1 |     4 ||     5
Evoke: Wand              |       |     6 ||     6
  Use: Scroll            |       |     8 ||     8
       Potion            |       |     3 ||     3
 Stab: Sleeping          |     5 |     7 ||    12
       Distracted        |     1 |       ||     1
  Eat: Chunk             |     8 |     8 ||    16
Armor: Skin              |    10 |     3 ||    13
Dodge: Dodged            |   138 |   117 ||   255
